 Dungeon Crawl Stone Soup version 0.23.2-33-g5129a83184 (webtiles) character file.

Game seed: 7330833042450966572

50 Felnil the Skirmisher (level 4, 0/39 HPs)
             Began as a Human Fighter on Aug 8, 2019.
             Succumbed to an adder's poison
             ... on level 2 of the Dungeon.
             The game lasted 00:04:09 (983 turns).

Felnil the Skirmisher (Human Fighter)                Turns: 983, Time: 00:04:10

Health: 0/39       AC:  6    Str: 22    XL:     4   Next: 4%
Magic:  4/4        EV:  7    Int:  8    God:
Gold:   104        SH: 14    Dex: 15    Spells: 3/3 levels left

rFire    x . .     SeeInvis .   a - +0 war axe
rCold    + . .     Gourm    .   c - +0 shield
rNeg     . . .     Faith    .   b - +0 scale mail
rPois    .         Spirit   .   (no helmet)
rElec    .         Reflect  .   (no cloak)
rCorr    .         Harm     .   (no gloves)
MR       .....     Rnd*Tele +   (no boots)
Stlth    ..........             (no amulet)
HPRegen  0.13/turn              j - ring of ice
MPRegen  0.09/turn              k - ring of teleportation (curse)

@: mighty, lethally poisoned (0 -> -2), berserk cooldown, slowed, very slow
A: large bone plates 1, agile 1, robust 1
a: no special abilities


You were on level 2 of the Dungeon.
You were not hungry.

You visited 1 branch of the dungeon, and saw 2 of its levels.

You collected 104 gold pieces.

Inventory:

Hand Weapons
 a - a +0 war axe (weapon)
Armour
 b - a +0 scale mail (worn)
 c - a +0 shield (worn)
Jewellery
 j - a ring of ice (left hand)
 k - a cursed ring of teleportation (right hand)
Potions
 e - a potion of haste
Comestibles
 f - 3 rations


   Skills:
 + Level 3.6 Fighting
 - Level 2.0 Axes
 + Level 3.6 Armour
 + Level 3.5 Shields


You had 3 spell levels left.
You didn't know any spells.
Your spell library was empty.

Dungeon Overview and Level Annotations

Branches:
Dungeon (2/15)

Altars:
Fedhas


Innate Abilities, Weirdness & Mutations

You are partially covered in large bone plates. (SH +4)
You are agile. (Dex +2)
You are robust. (+10% HP)


Message History

Calm down first, please.
There is a lethal amount of poison in your body!
You are too berserk!
You are too berserk!
You are too berserk!
You are too berserk!
There is a lethal amount of poison in your body!
Calm down first, please.
You feel a strong urge to attack something.
* * * LOW HITPOINT WARNING * * *
You feel sick.
You feel your anger nearly subside.
You are no longer berserk.
You are exhausted.
You feel yourself slow down.
You are too injured to fight recklessly!
It was a potion of mutation.
You feel extremely strange.
You feel agile.
You feel robust.
Large bone plates grow over parts of your arms.
You feel very mighty all of a sudden.
You die...

#.# ..... # #.. ..#'#
#%###.###.#.############
.......................
#.###$.†##.#.#(...####...
#.....†.##.#.#....# #...
#..........#.#.(..# #...
#.....#......'..### ###.
#....#.#@....#..# #.
#...#$_.#.......# #.
#....#.#.?.###### ##
#.#..%#....# #.#.......##
.......%## .##.####


There were no monsters in sight!

Vanquished Creatures
  2 adders (D:2)
  An ooze (D:1)
  A dart slug (D:2)
  A leopard gecko (D:1)
  A giant cockroach (D:2)
  2 goblins
  5 hobgoblins
  5 kobolds
  A quokka (D:2)
  2 bats (D:2)
  A frilled lizard (D:2)
  4 rats (D:1)
26 creatures vanquished.

Notes
Turn   | Place    | Note
-------+----------+-------------------------------------------
     0 | D:1      | Felnil the Human Fighter began the quest for the Orb.
     0 | D:1      | Reached XP level 1. HP: 18/18 MP: 1/1
   316 | D:1      | Reached XP level 2. HP: 20/24 MP: 2/2
   651 | D:1      | Reached XP level 3. HP: 29/29 MP: 3/3
   882 | D:2      | Found a blossoming altar of Fedhas.
   945 | D:2      | Found a faded altar of an unknown god.
   975 | D:2      | HP: 2/43 [adder (3)]
   977 | D:2      | Reached XP level 4. HP: 3/36 MP: 4/4
   980 | D:2      | HP: 2/54 [poisoned by an adder]
   982 | D:2      | Gained mutation: You are agile. (Dex +2) [potion of
                  | mutation]
   982 | D:2      | Gained mutation: You are robust. (+10% HP) [potion of
                  | mutation]
   982 | D:2      | Gained mutation: You are partially covered in large bone
                  | plates. (SH +4) [potion of mutation]
   983 | D:2      | Succumbed to an adder's poison

Action                   |  1- 3 |  4- 6 || total
-------------------------+-------+-------++-------
Melee: War axe           |    76 |       ||    76
  Use: Scroll            |     3 |       ||     3
       Potion            |     2 |     2 ||     4
Armor: Scale mail        |    38 |       ||    38
Dodge: Dodged            |    15 |       ||    15
Block: Shield            |    50 |       ||    50
